AoeStats
← Tatycomendo

Arena

509795523Analyzed
4v4 RM · 23d ago on Sep 28, 2026· 48m 51s· 8 players
Game mode
Random Map
Map size
Large (8 player)
Population
200
Speed
Normal
Resources
Standard
Victory
Conquest
Starting age
Dark Age
Ending age
Imperial Age
RankedLock teamsTeams togetherTeam positionsShared explorationLock speedFull tech treeHidden civsTurbo modeCheats
Victory
Defeat
🇲🇽 Britons · Mexico
687
+12
🇲🇽 Britons · Mexico
641
+14
🇲🇽 Bengalis · Mexico
624
+15
🇺🇸 Mongols · United States
499
+21
vs
🇧🇷 Khmer · Brazil
634
-17
🇦🇷 Goths · Argentina
614
-16
🇧🇷 Danes · Brazil
608
-16
🇦🇷 Bulgarians · Argentina
537
-13
Vollenbad
1:36 Loom
11:36 Feudal Age
12:03 Double-Bit Axe
20:02 Wheelbarrow
19:13 Town Watch
22:38 Castle Age
21:43 Horse Collar
21:56 Gold Mining
23:36 Bow Saw
25:28 Anarchy
25:04 Pikeman
28:07 Forging
29:03 Squires
30:43 Iron Casting
30:08 Scale Mail Armor
31:25 Chain Mail Armor
31:44 Hand Cart
Puro_Osso
12:32 Feudal Age
13:58 Gold Mining
16:02 Wheelbarrow
16:17 Double-Bit Axe
18:11 Man-at-Arms
24:45 Town Watch
28:10 Castle Age
27:29 Fletching
29:18 Hand Cart
29:14 Bow Saw
35:04 Gold Shaft Mining
34:19 Stone Mining
34:31 Stone Mining
36:28 Ballistics
36:05 Murder Holes
36:23 Masonry
36:12 Hamask
41:17 Imperial Age
41:20 Onager
manbearpig
0:47 Loom
17:10 Feudal Age
18:28 Wheelbarrow
17:39 Town Watch
17:50 Gold Mining
17:49 Double-Bit Axe
17:50 Horse Collar
20:54 Arson
24:59 Castle Age
25:49 Forging
25:43 Fletching
25:54 Padded Archer Armor
25:55 Scale Mail Armor
26:01 Scale Barding Armor
26:21 Heavy Plow
27:05 Bow Saw
29:36 Town Patrol
31:00 Hand Cart
32:59 Squires
32:44 Gambesons
32:20 Pikeman
33:40 Iron Casting
33:21 Chain Mail Armor
33:28 Chain Barding Armor
33:24 Leather Archer Armor
33:04 Bodkin Arrow
33:26 Thumb Ring
32:42 Elite Skirmisher
35:26 Gold Shaft Mining
38:52 Imperial Age
37:10 Light Cavalry
Tatycomendo
0:51 Loom
18:54 Feudal Age
22:43 Double-Bit Axe
22:39 Horse Collar
25:52 Castle Age
26:23 Pikeman
26:49 Elite Skirmisher
31:27 Bow Saw
30:45 Light Cavalry
32:00 Padded Archer Armor
32:01 Scale Mail Armor
39:16 Imperial Age
37:53 Fortified Wall
38:27 Leather Archer Armor
38:02 Fletching
38:22 Forging
txfight00
1:06 Loom
12:17 Feudal Age
13:55 Double-Bit Axe
21:17 Castle Age
19:40 Forging
19:37 Scale Barding Armor
19:43 Horse Collar
20:47 Bloodlines
21:06 Fletching
30:50 Iron Casting
32:51 Murder Holes
35:11 Bodkin Arrow
35:17 Padded Archer Armor
40:17 Ballistics
40:57 Leather Archer Armor
itachicarmine
5:56 Loom
10:54 Feudal Age
16:49 Castle Age
16:10 Double-Bit Axe
16:18 Horse Collar
24:26 Gold Mining
24:29 Stone Mining
28:19 Pikeman
29:00 Squires
28:46 Arson
28:46 Gambesons
31:10 Ballistics
31:00 Fortified Wall
31:23 Town Watch
35:36 Caravan
37:10 Wheelbarrow
36:33 Fletching
41:47 Imperial Age
39:28 Padded Archer Armor
39:30 Scale Mail Armor
39:53 Bow Saw
39:57 Heavy Plow
42:29 Hand Cart
44:41 Chemistry
44:23 Gold Shaft Mining
43:52 Bodkin Arrow
44:12 Leather Archer Armor
44:09 Forging
44:47 Conscription
44:23 Halberdier
45:35 Elite Longbowman
47:27 Bracer
47:57 Ring Archer Armor
47:58 Chain Mail Armor
48:34 Iron Casting
La Morte Noire
10:55 Feudal Age
14:38 Castle Age
13:11 Double-Bit Axe
13:40 Horse Collar
15:06 Wheelbarrow
15:30 Bow Saw
16:06 Heavy Plow
24:24 Gold Mining
24:34 Stone Mining
25:41 Gold Shaft Mining
29:15 Imperial Age
27:04 Forging
26:48 Fletching
26:59 Padded Archer Armor
27:40 Ballistics
27:45 Bodkin Arrow
28:07 Hand Cart
27:38 Loom
28:58 Leather Archer Armor
30:58 Chemistry
30:06 Bracer
30:48 Yeomen
30:55 Conscription
31:11 Ring Archer Armor
32:12 Two-Man Saw
32:33 Elite Longbowman
33:53 Fortified Wall
33:54 Masonry
34:13 Murder Holes
34:22 Warwolf
35:23 Siege Engineers
38:01 Hoardings
36:57 Sappers
44:11 Spies/Treason
alvarolez
11:55 Feudal Age
13:54 Loom
15:47 Double-Bit Axe
15:48 Horse Collar
18:35 Castle Age
19:56 Arson
21:00 Heavy Plow
21:12 Bow Saw
21:08 Gold Mining
21:11 Stone Mining
25:10 Wheelbarrow
27:18 Hand Cart
28:04 Ballistics
28:37 Gold Shaft Mining
33:49 Imperial Age
31:57 Masonry
31:45 Murder Holes
32:57 Husbandry
33:07 Bloodlines
32:18 Light Cavalry
33:30 Pikeman
37:30 Scale Barding Armor
37:26 Scale Mail Armor
38:11 Conscription
38:19 Mahayana
37:57 Heavy Scorpion
40:43 Crop Rotation
42:47 Chemistry
42:12 Chain Barding Armor
41:53 Padded Archer Armor
42:14 Chain Mail Armor
Connection lost

Rejoining the realm…

Still unreachable

The connection could not be restored.

Session expired

The server has moved on; the page needs a fresh start.